PCL
LAS VEGAS STARS @ MILE HIGH BRONCOS
07/24/2024
 
TOP OF THE 1ST
Las Vegas Stars batting - Pitching for Mile High Broncos : RHP Fernand Picard
Pitching: RHP Fernand Picard
Batting: RHB Joe Scott 0-0: Ground out 6-3 (Groundball, 6)
Batting: RHB Xin Zhang 0-0: Called Strike
0-1: Ball
1-1: Swinging Strike
1-2: Strikes out looking
Batting: LHB Eliot Helen 0-0: Called Strike
0-1: Ball
1-1: Ball
2-1: Ball
3-1: Called Strike
3-2: Strikes out swinging
Top of the 1st over - 0 run(s), 0 hit(s), 0 error(s), 0 left on base; Las Vegas 0 - Mile High 0
BOTTOM OF THE 1ST
Mile High Broncos batting - Pitching for Las Vegas Stars : RHP Brett Dwyer
Pitching: RHP Brett Dwyer
Batting: RHB Juan Gonzáles 0-0: Ball
1-0: Ball
2-0: Foul Ball, location: 2F
2-1: Ball
3-1: Called Strike
3-2: Foul Ball, location: 2F
3-2: Base on Balls
Batting: RHB Juan Jose Guevana 0-0: Grounds into double play, 4-6-3 (Groundball, 4)
Batting: RHB José Herrera 0-0: Ball
1-0: Called Strike
1-1: Ground out 4-3 (Groundball, 4M)
Bottom of the 1st over - 0 run(s), 0 hit(s), 0 error(s), 0 left on base; Las Vegas 0 - Mile High 0
TOP OF THE 2ND
Las Vegas Stars batting - Pitching for Mile High Broncos : RHP Fernand Picard
Batting: RHB Mike Mills 0-0: Ground out 5-3 (Groundball, 5S)
Batting: LHB Fernando De La Cruz 0-0: Ball
1-0: Ball
2-0: Fly out, F8 (Flyball, 8LM)
Batting: RHB Matthieu Vancini 0-0: Ball
1-0: Called Strike
1-1: SINGLE (Line Drive, 34D)
Batting: SHB Sloan James 0-0: Ball
1-0: Foul Ball, location: 2F
1-1: SINGLE (Line Drive, 78S)
Matthieu Vancini to second
Batting: RHB José Zúńiga 0-0: Foul Ball, location: 2F
0-1: Foul Ball, location: 2F
0-2: Ball
1-2: Ground out 6-3 (Groundball, 6)
Top of the 2nd over - 0 run(s), 2 hit(s), 0 error(s), 2 left on base; Las Vegas 0 - Mile High 0
BOTTOM OF THE 2ND
Mile High Broncos batting - Pitching for Las Vegas Stars : RHP Brett Dwyer
Batting: RHB Vincente Ventura 0-0: Ball
1-0: Foul Ball, location: 2F
1-1: Called Strike
1-2: Strikes out swinging
Batting: LHB Bill Houston 0-0: Ball
1-0: Ball
2-0: Ball
3-0: Base on Balls
Batting: RHB Su-kweon Yu 0-0: Ball
1-0: Ball
2-0: Ball
3-0: Base on Balls
Bill Houston to second
Batting: SHB Tom Stevens 0-0: Foul Ball, location: 2F
0-1: Ball
1-1: Ball
2-1: Called Strike
2-2: Strikes out looking
Batting: RHB José Rodríguez 0-0: Swinging Strike
0-1: Ball
1-1: Foul Ball, location: 2F
1-2: Ball
2-2: Strikes out looking
Bottom of the 2nd over - 0 run(s), 0 hit(s), 0 error(s), 2 left on base; Las Vegas 0 - Mile High 0
TOP OF THE 3RD
Las Vegas Stars batting - Pitching for Mile High Broncos : RHP Fernand Picard
Batting: LHB Evan Slootweg 0-0: Ball
1-0: Foul Ball, location: 2F
1-1: Swinging Strike
1-2: Ball
2-2: Foul Ball, location: 2F
2-2: Ball
3-2: Base on Balls
Batting: RHB Joe Scott 0-0: Grounds into double play, 4-6-3 (Groundball, 4)
Batting: RHB Xin Zhang 0-0: Ball
1-0: Foul Ball, location: 2F
1-1: Foul Ball, location: 2F
1-2: Strikes out swinging
Top of the 3rd over - 0 run(s), 0 hit(s), 0 error(s), 0 left on base; Las Vegas 0 - Mile High 0
BOTTOM OF THE 3RD
Mile High Broncos batting - Pitching for Las Vegas Stars : RHP Brett Dwyer
Batting: RHB Francisco Medina 0-0: Ball
1-0: Ball
2-0: Foul Ball, location: 2F
2-1: SINGLE (Groundball, 4M)
Batting: RHB Juan Gonzáles 0-0: Grounds into double play, 6-4-3 (Groundball, 6M)
Batting: RHB Juan Jose Guevana 0-0: Swinging Strike
0-1: Ball
1-1: Ground out U3 (Groundball, 3S)
Bottom of the 3rd over - 0 run(s), 1 hit(s), 0 error(s), 0 left on base; Las Vegas 0 - Mile High 0
TOP OF THE 4TH
Las Vegas Stars batting - Pitching for Mile High Broncos : RHP Fernand Picard
Batting: LHB Eliot Helen 0-0: Ground out 4-3 (Groundball, 4)
Batting: RHB Mike Mills 0-0: Called Strike
0-1: SINGLE (Line Drive, 78S)
Batting: LHB Fernando De La Cruz 0-0: Ball
1-0: Called Strike
1-1: Ball
2-1: Foul Ball, location: 2F
2-2: Reached on error, E6 (Groundball, 6M)
Mike Mills to second
Batting: RHB Matthieu Vancini 0-0: Ball
1-0: Swinging Strike
1-1: Foul Ball, location: 2F
1-2: Grounds into double play, U5-3 (Groundball, 5L)
Top of the 4th over - 0 run(s), 1 hit(s), 1 error(s), 1 left on base; Las Vegas 0 - Mile High 0
BOTTOM OF THE 4TH
Mile High Broncos batting - Pitching for Las Vegas Stars : RHP Brett Dwyer
Batting: RHB José Herrera 0-0: Ball
1-0: Called Strike
1-1: SOLO HOME RUN (Flyball, 7D), Distance : 372 ft
Batting: RHB Vincente Ventura 0-0: Ball
1-0: Called Strike
1-1: Foul Ball, location: 2F
1-2: Foul Ball, location: 2F
1-2: Foul Ball, location: 2F
1-2: Fly out, F9 (Line Drive, 89M)
Batting: LHB Bill Houston 0-0: SINGLE (Line Drive, 89S)
Batting: RHB Su-kweon Yu 0-0: Called Strike
Bill Houston is caught stealing 2nd base
0-1: Ball
1-1: Swinging Strike
1-2: Foul Ball, location: 2F
1-2: Foul Ball, location: 2F
1-2: Foul Ball, location: 2F
1-2: Foul Ball, location: 2F
1-2: Ground out 6-3 (Groundball, 6)
Bottom of the 4th over - 1 run(s), 2 hit(s), 0 error(s), 0 left on base; Las Vegas 0 - Mile High 1
TOP OF THE 5TH
Las Vegas Stars batting - Pitching for Mile High Broncos : RHP Fernand Picard
Batting: SHB Sloan James 0-0: Called Strike
0-1: Ball
1-1: Ball
2-1: Foul Ball, location: 2F
2-2: Strikes out swinging
Batting: RHB José Zúńiga 0-0: Called Strike
0-1: Foul Ball, location: 2F
0-2: Ground out 1-3 (Groundball, 25)
Batting: LHB Evan Slootweg 0-0: Foul Ball, location: 2F
0-1: Fly out, F7 (Flyball, 7S)
Top of the 5th over - 0 run(s), 0 hit(s), 0 error(s), 0 left on base; Las Vegas 0 - Mile High 1
BOTTOM OF THE 5TH
Mile High Broncos batting - Pitching for Las Vegas Stars : RHP Brett Dwyer
Batting: SHB Tom Stevens 0-0: Called Strike
0-1: Foul Ball, location: 2F
0-2: Ball
1-2: Ball
2-2: Strikes out swinging
Batting: RHB José Rodríguez 0-0: Called Strike
0-1: Ground out 5-3 (Groundball, 5)
Batting: RHB Francisco Medina 0-0: Foul Ball, location: 2F
0-1: Called Strike
0-2: Foul Ball, location: 2F
0-2: Ball
1-2: Strikes out swinging
Bottom of the 5th over - 0 run(s), 0 hit(s), 0 error(s), 0 left on base; Las Vegas 0 - Mile High 1
TOP OF THE 6TH
Las Vegas Stars batting - Pitching for Mile High Broncos : RHP Fernand Picard
Batting: RHB Joe Scott 0-0: Ground out 6-3 (Groundball, 6M)
Batting: RHB Xin Zhang 0-0: Foul Ball, location: 2F
0-1: SINGLE (Line Drive, 6MD)
Batting: LHB Eliot Helen 0-0: Ball
1-0: Ball
2-0: Foul Ball, location: 2F
2-1: Ball
3-1: Base on Balls
Xin Zhang to second
Batting: RHB Mike Mills 0-0: Called Strike
0-1: Grounds into double play, 4-6-3 (Groundball, 4)
Top of the 6th over - 0 run(s), 1 hit(s), 0 error(s), 1 left on base; Las Vegas 0 - Mile High 1
BOTTOM OF THE 6TH
Mile High Broncos batting - Pitching for Las Vegas Stars : RHP Brett Dwyer
Pitching: RHP Sugimoto Kuhabara
Batting: RHB Juan Gonzáles 0-0: Foul Ball, location: 2F
0-1: Ball
1-1: SINGLE (Line Drive, 9S)
Batting: RHB Juan Jose Guevana 0-0: Ground out U3 (Groundball, 3S)
Juan Gonzáles to second
Batting: RHB José Herrera 0-0: Intentional Walk
Batting: RHB Vincente Ventura 0-0: Ball
1-0: Swinging Strike
1-1: Ball
2-1: Foul Ball, location: 2F
2-2: Foul Ball, location: 2F
2-2: Foul Ball, location: 2F
2-2: Foul Ball, location: 2F
2-2: Ball
3-2: Ground out 5-3 (Groundball, 5S)
Juan Gonzáles to third
José Herrera to second
Batting: LHB Bill Houston 0-0: Ball
1-0: Ball
2-0: Foul Ball, location: 2F
2-1: Ground out 4-3 (Groundball, 4S)
Bottom of the 6th over - 0 run(s), 1 hit(s), 0 error(s), 2 left on base; Las Vegas 0 - Mile High 1
TOP OF THE 7TH
Las Vegas Stars batting - Pitching for Mile High Broncos : RHP Fernand Picard
Batting: LHB Fernando De La Cruz 0-0: Ball
1-0: SOLO HOME RUN (Flyball, 9LD), Distance : 386 ft
Batting: RHB Matthieu Vancini 0-0: Ball
1-0: Fly out, F8 (Flyball, 8RM)
Batting: SHB Sloan James 0-0: Ball
1-0: Ground out 4-3 (Groundball, 4)
Batting: RHB José Zúńiga 0-0: Called Strike
0-1: Ball
1-1: Ball
2-1: Ball
3-1: Foul Ball, location: 2F
3-2: Foul Ball, location: 2F
3-2: Foul Ball, location: 2F
3-2: SINGLE (Line Drive, 9S)
Batting: LHB Evan Slootweg 0-0: Swinging Strike
0-1: Ball
1-1: Ball
2-1: Foul Ball, location: 2F
2-2: Ball
3-2: Foul Ball, location: 2F
3-2: Foul Ball, location: 2F
3-2: Ground out 4-3 (Groundball, 4)
Top of the 7th over - 1 run(s), 2 hit(s), 0 error(s), 1 left on base; Las Vegas 1 - Mile High 1
BOTTOM OF THE 7TH
Mile High Broncos batting - Pitching for Las Vegas Stars : RHP Sugimoto Kuhabara
Batting: RHB Su-kweon Yu 0-0: Called Strike
0-1: DOUBLE (Line Drive, 78XD)
Pinch Hitting: LHB Doyle Otterburn 0-0: Intentional Walk
Batting: RHB José Rodríguez 0-0: Grounds into double play, 5-4-3 (Groundball, 56)
Su-kweon Yu to third
Batting: RHB Francisco Medina 0-0: Called Strike
0-1: Ball
1-1: Swinging Strike
1-2: Foul Ball, location: 2F
1-2: Foul Ball, location: 2F
1-2: Strikes out looking
Bottom of the 7th over - 0 run(s), 1 hit(s), 0 error(s), 1 left on base; Las Vegas 1 - Mile High 1
TOP OF THE 8TH
Las Vegas Stars batting - Pitching for Mile High Broncos : RHP Fernand Picard
Now at 3B: Doyle Otterburn
Pinch Hitting: SHB Lee Townsend 0-0: SINGLE (Groundball, 13) (infield hit)
Pitching: RHP Todd Howell
Batting: RHB Xin Zhang 0-0: Ball
1-0: Ball
2-0: Called Strike
2-1: Called Strike
2-2: Strikes out swinging
Batting: LHB Eliot Helen 0-0: Ball
1-0: Fly out, F8 (Flyball, 78M)
Batting: RHB Mike Mills 0-0: Ball
1-0: Called Strike
1-1: Called Strike
1-2: Strikes out swinging
Top of the 8th over - 0 run(s), 1 hit(s), 0 error(s), 1 left on base; Las Vegas 1 - Mile High 1
BOTTOM OF THE 8TH
Mile High Broncos batting - Pitching for Las Vegas Stars : RHP Sugimoto Kuhabara
Pitching: RHP Wayne Barksdale
Now at SS: Orlando García
Batting: RHB Juan Gonzáles 0-0: SINGLE (Line Drive, 34)
Batting: RHB Juan Jose Guevana 0-0: Fly out, F7 (Flyball, 7LD)
Batting: RHB José Herrera 0-0: SINGLE (Groundball, 6)
Juan Gonzáles to second
Batting: RHB Vincente Ventura 0-0: Called Strike
0-1: Ball
1-1: Called Strike
1-2: Strikes out swinging
Batting: LHB Bill Houston 0-0: Fly out, F9 (Flyball, 9M)
Bottom of the 8th over - 0 run(s), 2 hit(s), 0 error(s), 2 left on base; Las Vegas 1 - Mile High 1
TOP OF THE 9TH
Las Vegas Stars batting - Pitching for Mile High Broncos : RHP Todd Howell
Pitching: LHP Jorge García
Pinch Hitting: RHB Bill McGrath 0-0: Ball
1-0: Fly out, F9 (Popup, 89S)
Batting: RHB Matthieu Vancini 0-0: Called Strike
0-1: Swinging Strike
0-2: Ball
1-2: Ground out 5-3 (Groundball, 5S)
Batting: SHB Sloan James 0-0: Ball
1-0: DOUBLE (Line Drive, 9LS)
Batting: RHB José Zúńiga 0-0: Ball
1-0: SINGLE (Groundball, 15S) (infield hit)
Sloan James to third
Batting: LHB Evan Slootweg 0-0: Called Strike
0-1: Called Strike
0-2: Ball
1-2: Ball
2-2: Fly out, F9 (Flyball, 89XD)
Top of the 9th over - 0 run(s), 2 hit(s), 0 error(s), 2 left on base; Las Vegas 1 - Mile High 1
BOTTOM OF THE 9TH
Mile High Broncos batting - Pitching for Las Vegas Stars : RHP Wayne Barksdale
Now at 2B: Tom Jacobson
Batting: RHB Su-kweon Yu 0-0: SINGLE (Groundball, 56D)
Batting: LHB Doyle Otterburn 0-0: Ball
1-0: Ball
2-0: Bunted foul
2-1: Sac Bunt - play at first, batter OUT! 1-4
Su-kweon Yu to second
Batting: RHB José Rodríguez 0-0: Intentional Walk
Batting: RHB Francisco Medina 0-0: Foul Ball, location: 2F
0-1: Ball
1-1: SINGLE (Line Drive, 7S)
Su-kweon Yu to third
José Rodríguez to second
Batting: RHB Juan Gonzáles 0-0: Ball
1-0: Ball
2-0: Foul Ball, location: 2F
2-1: Swinging Strike
2-2: Foul Ball, location: 2F
2-2: Foul Ball, location: 2F
2-2: SINGLE (Groundball, 34D)
Su-kweon Yu scores
This league is powered by Out of the Park Baseball, the baseball management simulation game for PC, Mac and Linux
Saturday, April 9th, 2016 - OOTP Baseball 16.8 Build 38